 Dungeon Crawl Stone Soup version 0.25.1-2-g60ff931df9 (webtiles) character file.

Game seed: 15072708726024953168

6597 gbos the Fiendish (level 10, -1/76 HPs)
             Began as a Demonspawn Fighter on Nov 16, 2020.
             Was a Priest of Makhleb.
             Slain by a skeletal warrior
             ... wielding a +0 dire flail
              (6 damage)
             ... on level 13 of the Dungeon.
             The game lasted 00:02:01 (8601 turns).

gbos the Fiendish (Demonspawn Fighter)              Turns: 8601, Time: 00:02:02

Health: -1/76      AC: 18    Str: 20    XL:     10   Next: 71%
Magic:  0/18       EV:  5    Int: 10    God:    Makhleb [***...]
Gold:   19         SH: 10    Dex: 12    Spells: 9/9 levels left

rFire    . . .     SeeInvis .   Y - +2 trident
rCold    . . .     Gourm    .   c - +0 kite shield
rNeg     . . .     Faith    .   r - +0 plate armour
rPois    .         Spirit   +   q - +1 helmet
rElec    .         Reflect  .   b - +0 cloak
rCorr    .         Harm     .   i - +2 pair of gloves
MR       .....                  (no boots)
Stlth    ..........             a - amulet of guardian spirit
HPRegen  0.22/turn              (no ring)
MPRegen  0.16/turn              (no ring)

@: no status effects
A: talons 1, nightstalker 2, powered by pain 1
a: Minor Destruction, Lesser Servant of Makhleb, Renounce Religion


You were on level 13 of the Dungeon.
You worshipped Makhleb.
Makhleb was most pleased with you.
You were not hungry.

You visited 1 branch of the dungeon, and saw 10 of its levels.

You collected 513 gold pieces.
You spent 494 gold pieces at shops.


Innate Abilities, Weirdness & Mutations

You have sharp toenails.
You are significantly more attuned to the shadows.
You sometimes gain a little power by taking damage.


   Skills:
 - Level 6.0 Fighting
 + Level 9.9 Polearms
 - Level 5.0 Armour
 - Level 2.6 Dodging
 - Level 5.0 Shields
 + Level 11.3 Invocations


You had 9 spell levels left.
You didn't know any spells.
Your spell library was empty.

Inventory:

Hand Weapons
 Y - a +2 trident (weapon)
Missiles
 n - 12 boomerangs (quivered)
Armour
 b - a +0 cloak (worn)
 c - a +0 kite shield (worn)
 i - a +2 pair of gloves (worn)
 q - a +1 helmet (worn)
 r - a +0 plate armour (worn)
Jewellery
 a - an amulet of guardian spirit (around neck)
 f - an uncursed amulet of regeneration {unknown}
Scrolls
 g - 2 scrolls of identify
Potions
 d - 2 potions of might
 h - 4 potions of curing
 m - a potion of haste {unknown}
 o - a potion of mutation {unknown}
 s - 2 potions of resistance
Comestibles
 e - 11 rations

Dungeon Overview and Level Annotations

Branches:
Dungeon (13/15)            Temple (0/1) D:7
   Lair: D:8-11         Orc: D:9-12      Vaults: D:13-14

Altars:
Cheibriados
Elyvilon
Gozag
Makhleb
Trog
Uskayaw

Shops:
D:8 [   D:11 !

Annotations:
D:5 1 runed translucent door, Crazy Yiuf
D:13 Nessos


Message History

You hit the skeletal warrior but do no damage.
You claw the skeletal warrior, but do no damage.
The skeletal warrior is severely damaged.
You block the skeletal warrior's attack.
You puncture the skeletal warrior! Your kick misses the skeletal warrior.
The skeletal warrior is almost destroyed.
You hit the skeletal warrior but do no damage.
You claw the skeletal warrior, but do no damage.
The skeletal warrior is almost destroyed.
You hear an angry hiss.
The skeletal warrior hits you with a +0 dire flail!
Your plate armour prevents you from hitting the skeletal warrior.
You claw the skeletal warrior, but do no damage.
The skeletal warrior is almost destroyed.
The skeletal warrior hits you with a +0 dire flail!
You hear an angry hiss.
You hit the skeletal warrior but do no damage.
The skeletal warrior is almost destroyed.
The skeletal warrior hits you with a +0 dire flail!
You die...

.. ###..##.# #.)..# #
###.#.## ...
#####.......# ...
#.....#.#.#.#######..
#.##..#.#.#.##.....#
#(##..#.#.# ##.....#
#.####### ##...# ##.#
#@#..## ...# #z##...#
#### #.# #.(.# # #.#
#...## # #.# #....# #
.# #....# # #..### #
#..# # ####..#


You could see a skeletal warrior.

Vanquished Creatures
  Harold (D:7)
  A two-headed ogre (D:13)
  A cyclops (D:13)
  3 hippogriffs
  4 yaks (D:13)
  A water moccasin (D:5)
  A porcupine (D:11)
  2 orc warriors
  3 ice beasts
  A phantom (D:3)
  4 sky beasts
  An eye of draining (D:6)
  3 ogres
  2 black bears
  7 centaurs
  A crocodile (D:11)
  A big kobold (D:6)
  6 bullfrogs
  A scorpion (D:6)
  4 killer bees (D:8)
  2 howler monkeys (D:7)
  2 crimson imps
  A centaur zombie (D:8)
  A jelly (D:7)
  2 hounds
  3 orc priests
  2 orc wizards
  A bullfrog skeleton (D:11)
  An iguana (D:7)
  Ijyb (D:3)
  9 worker ants
  A hound zombie (D:6)
  2 howler monkey zombies
  2 adders
  A howler monkey skeleton (D:8)
  A shadow imp (D:8)
  An ooze (D:3)
  An adder zombie (D:7)
  5 worms
  5 dart slugs
  A leopard gecko (D:3)
  23 orcs
  2 giant cockroaches (D:1)
  5 goblins
  5 hobgoblins
  8 jackals
  2 quokkas
  3 ball pythons
  8 bats
  4 frilled lizards
  A giant cockroach zombie (D:6)
  A jackal skeleton (D:5)
  5 kobolds
  A quokka skeleton (D:4)
  8 rats
169 creatures vanquished.

Vanquished Creatures (others)
  9 fungi (D:11)
  3 plants (D:11)
12 creatures vanquished.

Grand Total: 181 creatures vanquished

Notes
Turn   | Place    | Note
-------+----------+-------------------------------------------
     0 | D:1      | gbos the Demonspawn Fighter began the quest for the Orb.
     0 | D:1      | Reached XP level 1. HP: 18/18 MP: 1/1
     0 | D:1      | 0 ||| counter = 46
   158 | D:1      | Gained mutation: You are slightly more attuned to the
                  | shadows. [demonic ancestry]
   158 | D:1      | Reached XP level 2. HP: 24/24 MP: 2/2
   460 | D:1      | Reached skill level 3 in Polearms
   818 | D:1      | 818 ||| READING scroll labeled VOLYWI GOGHO.
   823 | D:1      | 823 ||| READING 2 scrolls labeled QOEGGE GUWIBRUYDOG.
   824 | D:1      | 824 ||| READING scroll labeled EWUPNU GEZINAO.
   825 | D:1      | 825 ||| READING scroll labeled GOIKHU NIFU.
   826 | D:1      | 826 ||| READING scroll labeled REC VUDOFUISCH.
   827 | D:1      | 827 ||| READING scroll labeled SICLINEKOTE.
   858 | D:2      | Gained mutation: You have sharp toenails. [demonic
                  | ancestry]
   858 | D:2      | Reached XP level 3. HP: 26/29 MP: 3/3
  1620 | D:2      | 1620 ||| UPGRADING to pair of glowing gloves.
  1625 | D:2      | 1625 ||| READING scroll labeled NEQAWER XATOME.
  1626 | D:2      | 1626 ||| DRINKING 2 fuming grey potions.
  1627 | D:2      | 1627 ||| READING 3 scrolls of identify.
  1627 | D:2      | 1627 ||| IDENTIFYING metallic cyan potion
  1628 | D:2      | 1628 ||| READING 2 scrolls of identify.
  1628 | D:2      | 1628 ||| IDENTIFYING fizzy black potion
  1629 | D:2      | 1629 ||| DROPPING potion of degeneration.
  1699 | D:3      | 1699 ||| Stepping ~*~*~tactically~*~*~ (reaching).
  1701 | D:3      | 1701 ||| Stepping ~*~*~tactically~*~*~ (reaching).
  1702 | D:3      | 1702 ||| Stepping ~*~*~tactically~*~*~ (reaching).
  1704 | D:3      | 1704 ||| Stepping ~*~*~tactically~*~*~ (reaching).
  1705 | D:3      | 1705 ||| Stepping ~*~*~tactically~*~*~ (reaching).
  1707 | D:3      | 1707 ||| Stepping ~*~*~tactically~*~*~ (reaching).
  1708 | D:3      | 1708 ||| Stepping ~*~*~tactically~*~*~ (reaching).
  1709 | D:3      | 1709 ||| Stepping ~*~*~tactically~*~*~ (reaching).
  1711 | D:3      | 1711 ||| Stepping ~*~*~tactically~*~*~ (reaching).
  1712 | D:3      | 1712 ||| Stepping ~*~*~tactically~*~*~ (reaching).
  1774 | D:3      | Found a burning altar of Makhleb.
  1783 | D:3      | Became a worshipper of Makhleb the Destroyer
  1843 | D:3      | Noticed Ijyb
  1857 | D:3      | Killed Ijyb
  1857 | D:3      | Reached XP level 4. HP: 33/35 MP: 4/4
  2011 | D:3      | Noticed a phantom
  2031 | D:3      | Killed a phantom
  2031 | D:3      | Reached XP level 5. HP: 27/41 MP: 5/5
  2203 | D:3      | 2203 ||| Stepping ~*~*~tactically~*~*~ (outnumbered).
  2204 | D:3      | 2204 ||| Stepping ~*~*~tactically~*~*~ (outnumbered).
  2658 | D:3      | 2658 ||| READING scroll of enchant armour.
  2658 | D:3      | 2658 ||| ENCHANTING +1 pair of gloves.
  2785 | D:3      | Reached * piety under Makhleb
  3097 | D:3      | 3097 ||| UPGRADING to amulet of guardian spirit.
  3154 | D:3      | 3154 ||| READING scroll labeled DEYREH UCWIU.
  3155 | D:3      | 3155 ||| READING scroll labeled TOIRIVAULE.
  3156 | D:3      | 3156 ||| READING 2 scrolls of identify.
  3156 | D:3      | 3156 ||| IDENTIFYING fizzy red potion
  3157 | D:3      | 3157 ||| DROPPING potion of flight.
  3189 | D:4      | 3189 ||| STAIRDANCE
  3421 | D:4      | Reached XP level 6. HP: 47/47 MP: 6/6
  3433 | D:4      | 3433 ||| Stepping ~*~*~tactically~*~*~ (outnumbered).
  3435 | D:4      | 3435 ||| Stepping ~*~*~tactically~*~*~ (outnumbered).
  3626 | D:4      | 3626 ||| Stepping ~*~*~tactically~*~*~ (outnumbered).
  3627 | D:4      | 3627 ||| Stepping ~*~*~tactically~*~*~ (outnumbered).
  3630 | D:4      | 3630 ||| Stepping ~*~*~tactically~*~*~ (outnumbered).
  3631 | D:4      | 3631 ||| Stepping ~*~*~tactically~*~*~ (outnumbered).
  3633 | D:4      | 3633 ||| Stepping ~*~*~tactically~*~*~ (outnumbered).
  4022 | D:4      | Found a white marble altar of Elyvilon.
  4023 | D:4      | Found a hide-covered altar of Uskayaw.
  4027 | D:4      | 4027 ||| UPGRADING to +0 chain mail.
  4037 | D:4      | 4037 ||| DROPPING +0 scale mail.
  4038 | D:4      | 4038 ||| READING 2 scrolls of identify.
  4038 | D:4      | 4038 ||| IDENTIFYING bubbling ruby potion
  4039 | D:4      | 4039 ||| DROPPING potion of brilliance.
  4051 | D:5      | Entered Level 5 of the Dungeon
  4122 | D:5      | Found a snail-covered altar of Cheibriados.
  4153 | D:5      | Found a runed translucent door.
  4154 | D:5      | Noticed Crazy Yiuf
  4199 | D:5      | Noticed a sky beast
  4209 | D:5      | Killed a sky beast
  4209 | D:5      | Reached skill level 6 in Polearms
  4209 | D:5      | Gained mutation: You sometimes gain a little power by
                  | taking damage. [demonic ancestry]
  4209 | D:5      | Reached XP level 7. HP: 52/52 MP: 7/7
  4224 | D:5      | Reached skill level 3 in Shields
  4444 | D:5      | 4444 ||| Stepping ~*~*~tactically~*~*~ (reaching).
  4446 | D:5      | 4446 ||| Stepping ~*~*~tactically~*~*~ (reaching).
  4448 | D:5      | 4448 ||| Stepping ~*~*~tactically~*~*~ (reaching).
  4449 | D:5      | 4449 ||| Stepping ~*~*~tactically~*~*~ (reaching).
  4451 | D:5      | 4451 ||| Stepping ~*~*~tactically~*~*~ (reaching).
  4452 | D:5      | 4452 ||| Stepping ~*~*~tactically~*~*~ (reaching).
  4454 | D:5      | 4454 ||| Stepping ~*~*~tactically~*~*~ (reaching).
  4455 | D:5      | 4455 ||| Stepping ~*~*~tactically~*~*~ (reaching).
  4457 | D:5      | 4457 ||| Stepping ~*~*~tactically~*~*~ (reaching).
  4935 | D:5      | 4935 ||| UPGRADING to cloak.
  4940 | D:5      | 4940 ||| READING scroll labeled EVEBONGYEQA.
  4941 | D:5      | 4941 ||| DRINKING 2 viscous grey potions.
  4942 | D:5      | 4942 ||| READING 2 scrolls of identify.
  4942 | D:5      | 4942 ||| IDENTIFYING thick garnet amulet
  4943 | D:5      | 4943 ||| DROPPING cursed amulet of inaccuracy.
  4944 | D:5      | 4944 ||| DROPPING potion of stabbing.
  5119 | D:6      | Found a bloodstained altar of Trog.
  5124 | D:6      | Reached XP level 8. HP: 60/60 MP: 8/8
  5130 | D:6      | 5130 ||| Stepping ~*~*~tactically~*~*~ (reaching).
  5132 | D:6      | 5132 ||| Stepping ~*~*~tactically~*~*~ (reaching).
  5134 | D:6      | 5134 ||| Stepping ~*~*~tactically~*~*~ (reaching).
  5136 | D:6      | 5136 ||| Stepping ~*~*~tactically~*~*~ (reaching).
  5138 | D:6      | 5138 ||| Stepping ~*~*~tactically~*~*~ (reaching).
  5140 | D:6      | 5140 ||| Stepping ~*~*~tactically~*~*~ (reaching).
  5142 | D:6      | 5142 ||| Stepping ~*~*~tactically~*~*~ (reaching).
  5143 | D:6      | 5143 ||| Stepping ~*~*~tactically~*~*~ (reaching).
  5145 | D:6      | 5145 ||| Stepping ~*~*~tactically~*~*~ (reaching).
  5147 | D:6      | 5147 ||| Stepping ~*~*~tactically~*~*~ (reaching).
  5149 | D:6      | 5149 ||| Stepping ~*~*~tactically~*~*~ (reaching).
  5151 | D:6      | 5151 ||| Stepping ~*~*~tactically~*~*~ (reaching).
  5317 | D:6      | HP: 15/60 [sky beast (4)]
  5318 | D:6      | 5318 ||| READING 2 scrolls of teleportation.
  5319 | D:6      | HP: 7/60 [sky beast (5)]
  5320 | D:6      | 5320 ||| DRINKING 2 potions of heal wounds.
  5446 | D:6      | 5446 ||| READING scroll of enchant weapon.
  5446 | D:6      | 5446 ||| ENCHANTING +1 trident.
  5608 | D:6      | 5608 ||| Stepping ~*~*~tactically~*~*~ (reaching).
  5610 | D:6      | 5610 ||| Stepping ~*~*~tactically~*~*~ (reaching).
  5611 | D:6      | 5611 ||| Stepping ~*~*~tactically~*~*~ (reaching).
  5647 | D:6      | Reached skill level 3 in Armour
  5828 | D:6      | Reached ** piety under Makhleb
  5903 | D:6      | 5903 ||| UPGRADING to helmet.
  6020 | D:7      | Reached skill level 2 in Invocations
  6099 | D:7      | Reached skill level 3 in Invocations
  6110 | D:7      | Noticed Harold
  6112 | D:7      | Noticed a hippogriff
  6115 | D:7      | 6115 ||| Stepping ~*~*~tactically~*~*~ (outnumbered).
  6116 | D:7      | 6116 ||| Stepping ~*~*~tactically~*~*~ (outnumbered).
  6130 | D:7      | HP: 15/62 [Harold/+0 short sword (2)]
  6131 | D:7      | 6131 ||| READING 2 scrolls of teleportation.
  6132 | D:7      | 6132 ||| DRINKING potion of heal wounds.
  6135 | D:7      | Killed Harold
  6135 | D:7      | Reached skill level 9 in Polearms
  6135 | D:7      | Reached skill level 5 in Invocations
  6135 | D:7      | Gained mutation: You are significantly more attuned to the
                  | shadows. [demonic ancestry]
  6135 | D:7      | Reached XP level 9. HP: 48/68 MP: 5/13
  6142 | D:7      | 6142 ||| Stepping ~*~*~tactically~*~*~ (outnumbered).
  6147 | D:7      | Reached skill level 6 in Invocations
  6249 | D:7      | Found an opulent altar of Gozag.
  6275 | D:7      | Reached skill level 7 in Invocations
  6463 | D:7      | 6463 ||| READING scroll of enchant armour.
  6463 | D:7      | 6463 ||| ENCHANTING +0 helmet.
  6478 | D:7      | Found a staircase to the Ecumenical Temple.
  6765 | D:7      | Reached skill level 8 in Invocations
  6791 | D:7      | Reached skill level 6 in Fighting
  6949 | D:7      | 6949 ||| EATING 12 rations.
  6952 | D:7      | 6952 ||| UPGRADING to +0 plate armour.
  6962 | D:7      | 6962 ||| DROPPING +0 chain mail.
  6963 | D:7      | 6963 ||| READING scroll labeled AMEOTA GUHA.
  6964 | D:7      | 6964 ||| DRINKING 2 sedimented sapphire potions.
  7004 | D:7      | 7004 ||| DROPPING potion of lignification.
  7066 | D:8      | 7066 ||| Stepping ~*~*~tactically~*~*~ (outnumbered).
  7115 | D:8      | Reached XP level 10. HP: 63/76 MP: 14/16
  7212 | D:8      | Found Ocheh's Antique Armour Shop.
  7227 | D:8      | Reached *** piety under Makhleb
  7230 | D:8      | Reached skill level 9 in Invocations
  7257 | D:8      | You fall into a shaft and drop 3 floors!
  7258 | D:11     | 7258 ||| Shafted from D:8 to D:11.
  7396 | D:11     | Found Sewujeocwu's Distillery.
  7402 | D:11     | Bought a potion of curing for 39 gold pieces
  7402 | D:11     | Bought a potion of curing for 39 gold pieces
  7402 | D:11     | Bought a potion of heal wounds for 65 gold pieces
  7402 | D:11     | Bought a potion of might for 52 gold pieces
  7402 | D:11     | Bought a potion of heal wounds for 65 gold pieces
  7402 | D:11     | Bought a potion of curing for 39 gold pieces
  7402 | D:11     | Bought a potion of heal wounds for 65 gold pieces
  7402 | D:11     | Bought a potion of resistance for 130 gold pieces
  7711 | D:11     | Reached skill level 10 in Invocations
  7712 | D:11     | You fall into a shaft and drop 2 floors!
  7713 | D:13     | 7713 ||| Shafted from D:11 to D:13.
  7718 | D:13     | 7718 ||| Stepping ~*~*~tactically~*~*~ (outnumbered).
  7719 | D:13     | 7719 ||| Stepping ~*~*~tactically~*~*~ (outnumbered).
  7938 | D:13     | Noticed a cyclops
  7952 | D:13     | 7952 ||| Stepping ~*~*~tactically~*~*~ (reaching).
  7953 | D:13     | 7953 ||| Stepping ~*~*~tactically~*~*~ (reaching).
  7955 | D:13     | 7955 ||| Stepping ~*~*~tactically~*~*~ (reaching).
  7956 | D:13     | 7956 ||| Stepping ~*~*~tactically~*~*~ (reaching).
  7957 | D:13     | Killed a cyclops
  8103 | D:13     | Noticed a two-headed ogre
  8116 | D:13     | Killed a two-headed ogre
  8116 | D:13     | Reached skill level 11 in Invocations
  8228 | D:13     | 8228 ||| EATING 12 rations.
  8262 | D:13     | Noticed Nessos
  8266 | D:13     | Paralysed by Nessos for 5 turns
  8272 | D:13     | HP: 19/76 [Nessos/arrow (3)]
  8273 | D:13     | 8273 ||| READING 2 scrolls of teleportation.
  8274 | D:13     | 8274 ||| DRINKING 3 potions of heal wounds.
  8275 | D:13     | 8275 ||| DRINKING 5 potions of curing.
  8275 | D:13     | 8275 ||| (to cure bad poison)
  8276 | D:13     | 8276 ||| DRINKING 2 potions of heal wounds.
  8276 | D:13     | Noticed a centaur warrior
  8284 | D:13     | Noticed a red ugly thing
  8287 | D:13     | HP: 19/76 [poisoned by Nessos]
  8288 | D:13     | 8288 ||| READING scroll of teleportation.
  8289 | D:13     | 8289 ||| DRINKING potion of heal wounds.
  8290 | D:13     | 8290 ||| Stepping ~*~*~tactically~*~*~ (outnumbered).
  8293 | D:13     | 8293 ||| Stepping ~*~*~tactically~*~*~ (outnumbered).
  8570 | D:13     | Noticed a skeletal warrior
  8592 | D:13     | HP: 19/76 [skeletal warrior/+0 dire flail (17)]
  8599 | D:13     | HP: 12/76 [skeletal warrior/+0 dire flail (7)]
  8600 | D:13     | HP: 5/76 [skeletal warrior/+0 dire flail (8)]
  8601 | D:13     | Slain by a skeletal warrior

Levels and vault maps discovered:
D:1:      roderic_octagonal_star, layout_loops_ring
D:2:      layout_basic
D:3:      layout_loops_corners, lemuel_coloured_pillars_altar,
          gup_sewer_entry_bubbles, minmay_unequal, uniq_ijyb
D:4:      layout_rooms, gammafunk_temple_overflow_statue, amethyst_killhole
D:5:      layout_basic, lemuel_doored_altar, first_ration,
          uniq_crazy_yiuf_cottage
D:6:      layout_loops_ring, trog_eyes_of_draining
D:7:      layout_basic, overflow_temple_1_default,
          minmay_temple_entry_offerings, uniq_harold
D:8:      layout_loops_ring, serial_shops, nicolae_shop_trees
D:11:     layout_loops_ring, grunt_lair_entry_orc_guard_hut, serial_shops, shop
D:13:     layout_basic, david_vaults_5, serial_curves, eino_curves_03,
          eino_curves_02, eino_curves_04, eino_curves_03, uniq_nessos,
          uniq_jorgrun

Skill      XL: |  1  2  3  4  5  6  7  8  9 10 |
---------------+-------------------------------+-----
Polearms       | 2 3 4 5 6 7 9 |  9.9
Dodging        | 2 |  2.6
Shields        | 3 4 5 |  5.0
Fighting       | 4 5 6 |  6.0
Armour         | 3 4 5 |  5.0
Invocations    | 5 8 11 | 11.3

Action                   |  1- 3 |  4- 6 |  7- 9 | 10-12 || total
-------------------------+-------+-------+-------+-------++-------
Melee: Trident           |   106 |   189 |   381 |   178 ||   854
       Kick              |     3 |    34 |   108 |    57 ||   202
Throw: Boomerang         |       |       |    38 |    13 ||    51
  Use: Scroll            |     9 |     5 |     7 |     2 ||    23
       Potion            |     1 |       |     4 |     4 ||     9
  Eat: Chunk             |     3 |     8 |     8 |     1 ||    20
       Ration            |       |       |     1 |     1 ||     2
Armor: Scale mail        |    30 |    30 |       |       ||    60
       Chain mail        |       |     5 |   148 |       ||   153
       Plate armour      |       |       |    34 |    68 ||   102
Dodge: Dodged            |    16 |    28 |    72 |    32 ||   148
Block: Kite shield       |    40 |    48 |   175 |    70 ||   333
